 Dungeon Crawl Stone Soup version 0.31.0-11-ge490571c62 (webtiles) character file.

Game seed: 3406654059969765896

12 zenocrate the Ruffian (level 2, 0/18 HPs)
             Began as an Octopode Shapeshifter on Jan 26, 2024.
             Succumbed to an adder's poison
             ... on level 2 of the Dungeon.
             The game lasted 00:00:16 (172 turns).

zenocrate the Ruffian (Octopode Shapeshifter)        Turns: 172, Time: 00:00:17

Health: 0/18       AC:  1    Str: 13    XL:     2   Next: 33%
Magic:  2/2        EV: 13    Int: 12    God:
Gold:   14         SH:  0    Dex: 11    Spells: 1/1 levels left

rFire   . .          .
                       - Unarmed
rCold   . . .        (no shield)
rNeg    . . .        (helmet currently unavailable)
rPois   .            (no amulet)
rElec   .            (no ring)
rCorr   .            (no ring)
SInv    .            (no ring)
Will    .....        (no ring)
Stlth   ++           (no ring)
HPRegen 0.23/turn    (no ring)
MPRegen 0.08/turn    (no ring)
                     (no ring)

%: no passive effects
@: lethally poisoned (0 -> -1), beast-form
A: beast (slay +1), almost no armour, amphibious, 8 rings, camouflage 1,
gelatinous body 1, (nimble swimmer 1), tentacles
a: Begin Untransformation


You were on level 2 of the Dungeon.
You were a hulking beast.
You visited 1 branch of the dungeon, and saw 2 of its levels.

You collected 14 gold pieces.

Inventory:

Talismans
 b - a beast talisman
 c - a flux talisman
Scrolls
 f - a scroll of teleportation {unknown}
Potions
 a - a potion of lignification
 d - a potion of might {unknown}
 e - a potion of curing {unknown}


   Skills:
 + Level 1.3 Fighting
 + Level 2.2 Dodging
 + Level 1.1 Stealth
 + Level 3.2 Unarmed Combat
 - Level 3.0 Shapeshifting


You had one spell level left.
You didn't know any spells.
Your spell library contained the following spells:

 Spells                   Type           Power      Damage    Failure   Level
 Ensorcelled Hibernation  Hex/Ice        0%         N/A       45%         2
 Fugue of the Fallen      Necr           0%         N/A       69%         3
 Anguish                  Hex/Necr       0%         N/A       97%         4


Dungeon Overview and Level Annotations

Branches:
Dungeon (1/15)

Altars:


Innate Abilities, Weirdness & Mutations

You are a hulking beast.
Your limbs bulge with bestial killing power. (Slay +1)
You cannot wear most types of armour.
You are amphibious.
You can wear up to eight rings at the same time.
Your skin changes colour to match your surroundings (Stealth+).
Your rubbery body absorbs attacks. (AC +1, EV +1)
((You are camouflaged when in or above water. (Stealth+)))
You have tentacles for arms and can constrict up to eight enemies at once.


Message History

A rat comes into view.
You completely miss the adder.
The adder hisses angrily.
Your grab misses the adder. The adder misses you.
You barely miss the adder. Your grab misses the adder.
The rat squeaks loudly.
The adder bites you.
You tentacle-slap the adder. Your grab misses the adder.
The adder is heavily wounded.
The adder bites you.
You are lethally poisoned!
The adder poisons you!
You tentacle-slap the adder. You grab the adder.
The adder is severely wounded.
You constrict the adder.
You feel sick. The adder barely misses you.
You barely miss the adder.
The adder is almost dead.
You constrict the adder.
You kill the adder!
You feel sick.
A dart slug comes into view.
Your Stealth skill increases to level 1!
You have reached level 2!
You feel sick.
A rat comes into view.
Unknown command.
You barely miss the rat.
The rat squeaks loudly.
Your grab misses the rat. Your squeeze misses the rat.
You feel sick. The rat bites you.
* * * LOW HITPOINT WARNING * * *
Unknown command.
You closely miss the rat. You grab the rat. You constrict the rat.
You feel sick. The rat bites you.
* * * LOW HITPOINT WARNING * * *
Unknown command.
Unknown command.
You tentacle-slap the rat.
You kill the rat!
You die...

.........# #.......
..####...# ##...... ..
##..## #...... #. #...##
#...... #.
##.#..####...... .##
#.##..##...........
....##.#..#..[....†.....
#.........###.........
##w..h.#####....#.###.
#....#..## #..###.# .
..r## #....# #..# .# ##
#.##..##..# .#
#.###.#...# .#
#.........# .#
#........## .#........#
..........####


You could see a dart slug and a rat.

Vanquished Creatures
  An adder (D:2)
  A giant cockroach (D:2)
  A bat (D:2)
  A frilled lizard (D:2)
  2 rats
6 creatures vanquished.

Notes
Turn   | Place    | Note
-------+----------+-------------------------------------------
     0 | D:1      | zenocrate the Octopode Shapeshifter began the quest for the
                  | Orb.
     0 | D:1      | Reached XP level 1. HP: 13/13 MP: 1/1
    95 | D:1      | You fall into a shaft and drop 1 floor!
   169 | D:2      | Reached skill level 1 in Stealth
   169 | D:2      | Reached XP level 2. HP: 6/18 MP: 2/2
   172 | D:2      | Succumbed to an adder's poison

Illustrated notes

Levels and vault maps discovered:
D:1:      noname_arrival_rooms_in_the_neighbourhood, layout_loops_ring,
          serial_shops, shop
D:2:      layout_rooms

Skill      XL: |  1 |
---------------+----+-----
Stealth        | 1 |  1.1
Fighting       | |  1.3
Dodging        | |  2.2
Unarmed Combat | |  3.2
Shapeshifting  | |  3.0

Action                     || total
---------------------------++-------
  Melee: Unarmed           ||    15
         Constrict         ||     3
   Stab: Sleeping          ||     1
 Armour: Skin              ||     6
  Dodge: Dodged            ||     5
